 Dungeon Crawl Stone Soup version 0.21-a0-516-gaaff437 (webtiles) character file.

7 Gerstahl the Charlatan (level 1, 0/15 HPs)
             Began as a Demonspawn Artificer on Dec 3, 2017.
             Slain by a leopard gecko (1 damage)
             ... on level 1 of the Dungeon.
             The game lasted 00:00:45 (317 turns).

Gerstahl the Charlatan (Demonspawn Artificer)        Turns: 317, Time: 00:00:45

Health: 0/15       AC:  3    Str: 12    XL:     1   Next: 91%
Magic:  3/3        EV: 12    Int: 12    God:
Gold:   7          SH:  0    Dex: 13    Spells: 0/0 levels left

rFire    . . .     SeeInvis .   a - +0 short sword
rCold    . . .     Gourm    .   (no shield)
rNeg     . . .     Faith    .   b - +0 leather armour
rPois    .         Spirit   .   (no helmet)
rElec    .         Reflect  .   (no cloak)
rCorr    .         Harm     .   (no gloves)
MR       .....                  (no boots)
Stlth    +.........             (no amulet)
HPRegen  0.05/turn              (no ring)
MPRegen  0.08/turn              (no ring)

@: no status effects
A: no striking features
a: no special abilities


You were on level 1 of the Dungeon.
You were not hungry.

You visited 1 branch of the dungeon, and saw 1 of its levels.

You collected 7 gold pieces.

Inventory:

Hand Weapons
 a - a +0 short sword (weapon)
Armour
 b - a +0 leather armour (worn)
Wands
 c - a wand of flame (14)
 d - a wand of enslavement (15)
 e - a wand of random effects (15)
Scrolls
 g - a scroll of teleportation {unknown}
 h - a scroll of identify {unknown}
Comestibles
 f - a bread ration


   Skills:
 + Level 1.3 Fighting
 + Level 1.2 Short Blades
 - Level 1.7 Dodging
 - Level 0.8 Stealth
 + Level 3.1 Evocations


You couldn't memorise any spells.
You didn't know any spells.

Dungeon Overview and Level Annotations

Branches:
Dungeon (1/15)

Altars:


Message History

The leopard gecko is moderately wounded.
The leopard gecko closely misses you. The leopard gecko bites you.
You closely miss the leopard gecko.
The leopard gecko is moderately wounded.
The leopard gecko misses you.
You hit the leopard gecko.
The leopard gecko is severely wounded.
The leopard gecko completely misses you.
You hit the leopard gecko but do no damage.
The leopard gecko is severely wounded.
The leopard gecko closely misses you.
You closely miss the leopard gecko.
The leopard gecko is severely wounded.
The leopard gecko bites you.
* * * LOW HITPOINT WARNING * * *
The leopard gecko closely misses you.
You closely miss the leopard gecko.
The leopard gecko is severely wounded.
The leopard gecko bites you.
You die...

#≈♣≈#####≈♣≈.....#
♣⌠♣≈≈≈≈≈♣⌠♣≈....#
..≈♣.......♣≈.....#
...≈...<...≈......##
...#
#.≈♣.......)≈(...).#
#...#
♣⌠♣≈≈≈≈≈.⌠.≈#.##.##
#...###
#≈♣≈#####≈.≈##.##..##
#..... #≈#
##≈###.###..# #...#
## ### #@# ##.###...#
#l####......#
#l..........#
#...........#
#...........# ###
#...........####..
#.................
#.#####..........)
#.................


You could see a leopard gecko and a frilled lizard.

Vanquished Creatures
  A leopard gecko (D:1)
  A goblin (D:1)
  A hobgoblin (D:1)
  A kobold (D:1)
  3 rats (D:1)
7 creatures vanquished.

Vanquished Creatures (others)
  4 toadstools (D:1)
4 creatures vanquished.

Grand Total: 11 creatures vanquished

Notes
Turn   | Place    | Note
-------+----------+-------------------------------------------
     0 | D:1      | Gerstahl the Demonspawn Artificer began the quest for the Orb.
     0 | D:1      | Reached XP level 1. HP: 15/15 MP: 3/3
    15 | D:1      | Reached skill level 1 in Short Blades
   317 | D:1      | Slain by a leopard gecko

Vault maps used:
D:1:      ldierk_water_garden, hangedman_decor_slide_cut

Skill      XL: |  1 |
---------------+----+-----
Short Blades   | 1 |  1.2
Fighting       | |  1.3
Dodging        | |  1.7
Stealth        | |  0.8
Evocations     | |  3.1

Action                   || total
-------------------------++-------
Melee: Short sword       ||    29
Evoke: Wand              ||     1
Armor: Leather armour    ||     3
Dodge: Dodged            ||    23

Table legend:
 A = Spawn XP
 B = Non-spawn XP
 C = Spawn XP percentage of total XP
 D = Spawn monster count
 E = Non-spawn monster count
 F = Spawn count percentage of total count
 G = Total turns spent on level
                    A         B        C        D         E        F      G
               +---------+---------+-------+---------+---------+-------+---------
         Total |       0 |      11 |   0.0 |       0 |       7 |   0.0 |   317
               +---------+---------+-------+---------+---------+-------+---------
           D:1 |       0 |      11 |   0.0 |       0 |       7 |   0.0 |   317
               +---------+---------+-------+---------+---------+-------+---------
